 Dungeon Crawl Stone Soup version 0.29-a0-676-ga64570c9d2 (webtiles) character file.

Game seed: 2130628300586617834

165 happo123 the Digger (level 5, -2/29 HPs)
             Began as a Gargoyle Earth Elementalist on June 24, 2022.
             Killed from afar by an orc wizard (4 damage)
             ... with a magic dart
             ... on level 2 of the Dungeon.
             The game lasted 00:10:53 (2767 turns).

happo123 the Digger (Gargoyle Earth Elementalist)   Turns: 2767, Time: 00:10:55

Health: -2/29      AC:  8    Str: 12    XL:     5   Next: 46%
Magic:  2/8        EV: 12    Int: 17    God:
Gold:   35         SH:  0    Dex: 10    Spells: 4/8 levels left

rFire   . . .      SeeInvis .   o - +2 dagger (venom)
rCold   . . .      Faith    .   (no shield)
rNeg    + . .      Spirit   .   a - +0 robe
rPois   ∞          Reflect  .   m - +1 helmet
rElec   +          Harm     .   (no cloak)
rCorr   .          Rampage  .   (no gloves)
Will    .....                   (no boots)
Stlth   ++........              (no amulet)
HPRegen 0.09/turn               (no ring)
MPRegen 0.11/turn               (no ring)

@: no status effects
A: sickness immunity, AC +4, negative energy resistance 1, electricity
resistance, torment resistance 1, petrification resistance
a: no special abilities


You were on level 2 of the Dungeon.
You visited 1 branch of the dungeon, and saw 3 of its levels.

You collected 35 gold pieces.

Inventory:

Hand Weapons
 d - a +0 short sword
 o - a +2 dagger of venom (weapon)
Armour
 a - a +0 robe (worn)
 m - a +1 helmet (worn)
Wands
 p - a wand of flame (18)
Scrolls
 c - a scroll of fear {unknown}
 e - 2 scrolls of identify {unknown}
 g - a scroll of silence {unknown}
 k - a scroll of summoning {unknown}
 l - 3 scrolls of teleportation {unknown}
Potions
 b - 2 potions of magic
 f - 3 potions of mutation {unknown}
 h - 2 potions of lignification {unknown}
 i - 2 potions of ambrosia {unknown}
 j - 2 potions of flight {unknown}
 n - a potion of curing {unknown}
 q - a potion of berserk rage {unknown}


   Skills:
 + Level 1.5 Fighting
 + Level 1.4 Armour
 + Level 2.1 Dodging
 + Level 3.0 Stealth
 + Level 2.4 Spellcasting
 * Level 2.0 Transmutations
 * Level 4.5 Earth Magic


You had 4 spell levels left.
You knew the following spells:

 Your Spells              Type           Power      Damage    Failure   Level
a - Sandblast             Erth           34%        2d9       3%          1
b - Stone Arrow           Conj/Erth      18%        3d8       22%         3

Your spell library contained the following spells:

 Spells                   Type           Power      Damage    Failure   Level
 Passwall                 Tmut/Erth      10%        N/A       8%          2
 Petrify                  Tmut/Erth      13%        N/A       43%         4
 Dispersal                Tloc           1%         N/A       100%        6
 Disjunction              Tloc           1%         N/A       100%        8


Dungeon Overview and Level Annotations

Branches:
Dungeon (3/15)

Altars:


Innate Abilities, Weirdness & Mutations

You are immune to sickness and miasma.
Your stone body is resilient. (AC +4)
You are immune to poison.
You resist negative energy. (rN+)
You are resistant to electric shocks. (rElec)
You are resistant to unholy torment.
You are immune to petrification.


Message History

You hear some strange, mumbled words.
A magic dart appears from out of thin air!
The magic dart hits you. Something hits you but does no damage.
Aiming: Sandblast (safe; 3% risk of failure)
Press: ? - help, Q - select action, (/) - cycle Shift-Dir - straight line Something hits you but does no damage.
Something hits you.
Unknown command.
Aiming: Sandblast (safe; 3% risk of failure)
Press: ? - help, Q - select action, (/) - cycle Shift-Dir - straight line The blast of sand hits something but does no damage.
An orc comes into view. It is wielding a +0 dagger.
You hear some strange, mumbled words.
A magic dart appears from out of thin air!
The magic dart hits you.
* * * LOW HITPOINT WARNING * * *
Something hits you but does no damage.
Aiming: Sandblast (safe; 3% risk of failure)
Press: ? - help, Q - select action, (/) - cycle Shift-Dir - straight line, f - you The orc shouts!
You hear a shout!
Something barely misses you.
The orc priest invokes the aid of Beogh against you.
Beogh smites you!
* * * LOW HITPOINT WARNING * * *
Something hits you but does no damage. Something hits you but does no damage.
The orc priest calls down the wrath of Beogh upon you.
Something writhes in agony!
You climb upwards.
Reactivating autopickup.
There is a stone staircase leading down here.
You start resting.
Something hits you but does no damage.
Deactivating autopickup; reactivate with Ctrl-A.
Aiming: Sandblast (safe; 3% risk of failure)
Press: ? - help, Q - select action, (/) - cycle Shift-Dir - straight line The blast of sand hits something.
You hear some strange, mumbled words.
A magic dart appears from out of thin air!
The magic dart hits you.
You die...

#.# ######.......#..####.#
#.# #...............# #.#
#.# #.####.......##.####.#
####.# #.#
##.............#.#
##....######.#
#........##.##.÷..
......)......#
#........##.####.#
##...#########
#........##.# #..
##.############.###.#####.#
##<
#.###........{@..#)#####.#
#.
#...........##..÷........#
#.
#####.#####.##.......##..#
##< #.#
#.##....##.##..####.# #.#
#.##.#.###.##......## #.#
#.##.#.###.###.####.# #.#
#..............#####. #.#
####................. #.#
#.#.###.##########


There were no monsters in sight!

Vanquished Creatures
  Natasha (thrice) (D:2)
  An orc wizard (D:3)
  Robin (D:2)
  3 worms
  2 dart slugs (D:1)
  2 orcs (D:3)
  A bat (D:2)
  An endoplasm (D:2)
  2 giant cockroaches (D:1)
  11 goblins
  4 hobgoblins
  5 kobolds
  A ball python (D:2)
  2 frilled lizards
  2 rats (D:1)
41 creatures vanquished.

Vanquished Creatures (others)
  2 plants (D:1)
2 creatures vanquished.

Grand Total: 43 creatures vanquished

Notes
Turn   | Place    | Note
-------+----------+-------------------------------------------
     0 | D:1      | happo123 the Gargoyle Earth Elementalist began the quest
                  | for the Orb.
     0 | D:1      | Reached XP level 1. HP: 10/10 MP: 3/3
   170 | D:1      | Reached skill level 1 in Transmutations
   170 | D:1      | Reached XP level 2. HP: 6/15 MP: 1/5
   644 | D:2      | Noticed Natasha
   648 | D:2      | Killed Natasha
   649 | D:2      | Reached skill level 4 in Earth Magic
   649 | D:2      | Reached XP level 3. HP: 2/20 MP: 1/6
   653 | D:2      | Learned a level 3 spell: Stone Arrow
  1394 | D:2      | Noticed Natasha
  1560 | D:2      | Noticed Robin
  1561 | D:2      | Reached XP level 4. HP: 24/24 MP: 5/7
  1572 | D:2      | Reached skill level 1 in Armour
  1619 | D:2      | Killed Robin
  1620 | D:2      | Reached skill level 1 in Fighting
  1904 | D:2      | Killed Natasha
  2186 | D:3      | Reached XP level 5. HP: 4/29 MP: 2/8
  2405 | D:2      | Noticed Natasha
  2411 | D:2      | Killed Natasha
  2763 | D:3      | HP: 1/29 [orc priest/divine providence (7)]
  2767 | D:2      | Killed from afar by an orc wizard

Illustrated notes

Levels and vault maps discovered:
D:1:      lightli_arrival_statuegarden, layout_loops_ring, serial_bayou_crossing
D:2:      layout_loops_ring, uniq_natasha, uniq_robin
D:3:      layout_basic, mainiacjoe_overflow_brackets,
          ebering_ecumenical_altar_webs

Skill      XL: |  1  2  3  4  5 |
---------------+----------------+-----
Transmutations | 1 2 |  2.0
Earth Magic    | 4 |  4.5
Armour         | 1 |  1.4
Dodging        | 2 |  2.1
Fighting       | 1 |  1.5
Stealth        | 3 |  3.0
Spellcasting   | |  2.4

Action                   |  1- 3 |  4- 6 || total
-------------------------+-------+-------++-------
Melee: Short sword       |    21 |     4 ||    25
 Cast: Sandblast         |    37 |    36 ||    73
 Stab: Sleeping          |     1 |       ||     1
Armor: Robe              |     9 |    21 ||    30
Dodge: Dodged            |    16 |    13 ||    29

Table legend: (Time is in decaauts)
 A = Elapsed time spent in this place.
 B = Non-inter-level travel time spent in this place.
 C = Inter-level travel time spent in this place.
 D = Time resting spent in this place.
 E = Time spent auto-exploring this place.
 F = Levels seen in this place.
 G = Mean time per level.
                   A        B        C        D        E       F      G
               +--------+--------+--------+--------+--------+-----+--------+
         Total |   2857 |   2215 |    642 |   1156 |    634 |   3 |  952.3 |
       Dungeon |   2857 |   2215 |    642 |   1156 |    634 |   3 |  952.3 |
               +--------+--------+--------+--------+--------+-----+--------+

Top non-repeatable levels by time:
     D:2: 2114 daAuts
     D:1: 677 daAuts
     D:3: 65 daAuts
